 Dungeon Crawl Stone Soup version 0.28-a0-895-g6e5f11bd55 (webtiles) character file.

Game seed: 16887340604309209763

460 demibob the Chopper (level 6, 0/40 (47) HPs)
             Began as a Demonspawn Fighter on Nov 23, 2021.
             Slain by Edmund (3 damage)
             ... on level 4 of the Dungeon.
             The game lasted 00:04:54 (3619 turns).

demibob the Chopper (Demonspawn Fighter)            Turns: 3619, Time: 00:04:55

HP:   0/40 (47)     AC: 10    Str: 17    XL:     6   Next: 78%
MP:   6/6           EV: 13    Int: 13    God:
Gold: 145           SH:  9    Dex: 14    Spells: 5/5 levels left

rFire   . . .      SeeInvis .   a - +0 war axe
rCold   + . .      Faith    .   c - +0 buckler
rNeg    . . .      Spirit   .   g - +0 scale mail {rC+}
rPois   .          Reflect  .   (no helmet)
rElec   .          Harm     .   (no cloak)
rCorr   .          Rampage  .   (no gloves)
Will    .....                   (no boots)
Stlth   ..........              (no amulet)
HPRegen 0.13/turn               T - +4 ring of protection
MPRegen 0.10/turn               E - +4 ring of evasion

@: studying Shields, heavily drained
A: big brain 2, condensation shield
a: no special abilities


You were on level 4 of the Dungeon.
You visited 1 branch of the dungeon, and saw 4 of its levels.

You collected 145 gold pieces.


Innate Abilities, Weirdness & Mutations

You have an extremely huge brain. (Int +4)
A meltable shield of frost defends you. (SH +4)


   Skills:
 - Level 3.0 Fighting
 + Level 5.7 Axes
 - Level 2.6 Armour
 + Level 5.4 Shields


You had 5 spell levels left.
You didn't know any spells.
Your spell library contained the following spells:

 Spells                   Type           Power      Damage    Failure   Level
 Beastly Appendage        Tmut           0%         N/A       71%         1
 Sting                    Tmut/Pois      0%         1d3       71%         1
 Poisonous Vapours        Pois/Air       0%         N/A       83%         2
 Wereblood                Tmut           0%         N/A       83%         2
 Spider Form              Tmut/Pois      0%         N/A       97%         3
 Olgreb's Toxic Radiance  Pois           0%         N/A       100%        4

Inventory:

Hand Weapons
 a - a +0 war axe (weapon)
Armour
 c - a +0 buckler (worn)
 g - a +0 scale mail of cold resistance (worn)
Jewellery
 E - a +4 ring of evasion (right hand)
 I - a +6 ring of intelligence
 T - a +4 ring of protection (left hand)
Scrolls
 b - a scroll of amnesia
Potions
 e - 3 potions of lignification

Dungeon Overview and Level Annotations

Branches:
Dungeon (4/15)
 Temple: D:4-7

Altars:

Shops:
D:1 *

Annotations:
D:4 Edmund

###### #...(.
..... #...#
#...## . #....#
.. #..@!# ..
#..@.# ..
+....# #.
###.####
##..#######...#
#............##
+............#
#............#
#.......†.<..#
....###..##..##


You could see Edmund.


Message History

Edmund hits you but does no damage.
You feel drained.
You hit Edmund.
Edmund is heavily wounded.
You block Edmund's attack. x2
You hit Edmund but do no damage.
Edmund is heavily wounded.
Edmund hits you with a +5 dire flail of draining!
You feel drained.
You hit Edmund.
Edmund is heavily wounded.
Edmund hits you with a +5 dire flail of draining!
* * * LOW HITPOINT WARNING * * *
You feel drained.
* * * LOW HITPOINT WARNING * * *
You are too injured to fight recklessly!
You slash Edmund!
Edmund is severely wounded.
You block Edmund's attack.
You hit Edmund but do no damage.
Edmund is severely wounded.
You block Edmund's attack. x2
You closely miss Edmund.
Edmund is severely wounded.
You block Edmund's attack.
You closely miss Edmund.
Edmund is severely wounded.
Edmund hits you with a +5 dire flail of draining!
* * * LOW HITPOINT WARNING * * *
You feel drained.
You die...

Skill      XL: |  1  2  3  4  5  6 |
---------------+-------------------+-----
Axes           | 2 3 5 |  5.7
Shields        | 3 4 5 |  5.4
Fighting       | |  3.0
Armour         | |  2.6

Action                   |  1- 3 |  4- 6 || total
-------------------------+-------+-------++-------
Melee: War axe           |   112 |    99 ||   211
Throw: Throwing net      |       |     1 ||     1
  Use: Scroll            |     9 |     4 ||    13
       Potion            |       |     5 ||     5
 Stab: Invisible         |       |     1 ||     1
Armor: Scale mail        |    46 |    16 ||    62
Dodge: Dodged            |    51 |    30 ||    81
Block: Buckler           |    40 |    33 ||    73

Levels and vault maps discovered:
D:1:      ncdulo_smallfort, layout_basic, serial_shops, shop
D:2:      layout_loops_ring, minmay_pentomino_s2
D:3:      layout_loops_cross, ebering_ghost_disaster_area, minmay_cupped,
          uniq_sigmund
D:4:      layout_gridville, uniq_crazy_yiuf_cottage, uniq_menkaure,
          uniq_duvessa, uniq_edmund

Notes
Turn   | Place    | Note
-------+----------+-------------------------------------------
     0 | D:1      | demibob the Demonspawn Fighter began the quest for the Orb.
     0 | D:1      | Reached XP level 1. HP: 18/18 MP: 1/1
    88 | D:1      | Reached skill level 2 in Axes
   219 | D:1      | Reached skill level 3 in Shields
   219 | D:1      | Gained mutation: You have an unusually large brain. (Int
                  | +2) [demonic ancestry]
   219 | D:1      | Reached XP level 2. HP: 22/24 MP: 2/2
   339 | D:1      | Found Jode's General Store.
   912 | D:1      | Identified a scroll of acquirement
   912 | D:1      | Acquired a manual of Shields
  1214 | D:2      | Gained mutation: A meltable shield of frost defends you.
                  | (SH +4) [demonic ancestry]
  1214 | D:2      | Reached XP level 3. HP: 22/29 MP: 3/3
  1546 | D:2      | Reached skill level 4 in Shields
  1610 | D:2      | Reached skill level 3 in Axes
  2149 | D:3      | Reached XP level 4. HP: 32/35 MP: 4/4
  2402 | D:3      | Noticed Sigmund
  2420 | D:3      | Killed Sigmund
  2421 | D:3      | Reached skill level 5 in Axes
  2421 | D:3      | Reached XP level 5. HP: 24/41 MP: 5/5
  2976 | D:3      | Found a large runed translucent door.
  2976 | D:3      | Found a large runed translucent door.
  2981 | D:3      | Noticed ytrimaz's ghost (amateur DsFi)
  3000 | D:3      | Killed ytrimaz's ghost
  3001 | D:3      | Gained mutation: You have an extremely huge brain. (Int +4)
                  | [demonic ancestry]
  3001 | D:3      | Reached XP level 6. HP: 6/47 MP: 6/6
  3536 | D:4      | Noticed an ice beast
  3549 | D:4      | Killed an ice beast
  3550 | D:4      | Reached skill level 5 in Shields
  3606 | D:4      | Noticed Edmund
  3619 | D:4      | HP: 3/41 [Edmund (8)]
  3619 | D:4      | Slain by Edmund

Vanquished Creatures
  Sigmund (D:3)
  An ice beast (D:4)
  The ghost of ytrimaz the Skirmisher, an amateur DsFi (D:3)
  An iguana (D:4)
  3 gnolls (D:2)
  3 adders
  An adder skeleton (D:4)
  2 worms
  2 dart slugs (D:3)
  5 ball pythons
  4 endoplasms
  3 giant cockroaches
  4 hobgoblins
  3 quokkas
  3 bats
  5 frilled lizards
  5 goblins
  2 kobolds
  8 rats
57 creatures vanquished.

Table legend: (Time is in decaauts)
 A = Elapsed time spent in this place.
 B = Non-inter-level travel time spent in this place.
 C = Inter-level travel time spent in this place.
 D = Time resting spent in this place.
 E = Time spent auto-exploring this place.
 F = Levels seen in this place.
 G = Mean time per level.
                   A        B        C        D        E       F      G
               +--------+--------+--------+--------+--------+-----+--------+
         Total |   3685 |   3604 |     81 |    744 |   2316 |   4 |  921.2 |
       Dungeon |   3685 |   3604 |     81 |    744 |   2316 |   4 |  921.2 |
               +--------+--------+--------+--------+--------+-----+--------+

Top non-repeatable levels by time:
     D:3: 1348 daAuts
     D:2: 1231 daAuts
     D:1: 950 daAuts
     D:4: 154 daAuts

Table legend:
 A = Non-vault XP
 B = Vault XP
 C = Vault XP percentage of total XP
 D = Non-vault monster count
 E = Vault monster count
 F = Vault count percentage of total count
                 A         B        C        D         E       F
            +---------+---------+-------+---------+---------+-------
      Total |     309 |     349 |  53.0 |      50 |       7 |  12.3
            +---------+---------+-------+---------+---------+-------
        D:1 |      27 |       0 |   0.0 |      18 |       0 |   0.0
        D:2 |      52 |      15 |  22.4 |       8 |       2 |  20.0
        D:3 |      59 |     334 |  85.0 |      21 |       5 |  19.2
        D:4 |     171 |       0 |   0.0 |       3 |       0 |   0.0
            +---------+---------+-------+---------+---------+-------
